 Dungeon Crawl Stone Soup version 0.19-a0-1568-gdd01aac (webtiles) character file.

139 Amnesiac the Digger (level 5, 0/35 HPs)
             Began as a Mummy Earth Elementalist on Sept 15, 2016.
             Slain by Purgy (2 damage)
             ... in a sewer.
             The game lasted 00:02:09 (1513 turns).

Amnesiac the Digger (Mummy Earth Elementalist)      Turns: 1513, Time: 00:02:10

Health: 0/35       AC:  2    Str: 11    XL:     5   Next: 1%
Magic:  3/10       EV: 12    Int: 15    God:
Gold:   80         SH:  0    Dex: 13    Spells: 2 memorised, 7 levels left

rFire  x . .     SeeInvis .     b - 22 stones
rCold  + . .     Gourm    .     c - +0 robe
rNeg   + + +     Faith    .     (no shield)
rPois  ∞         Spirit   .     (no helmet)
rElec  .         Dismiss  .     (no cloak)
rCorr  .         Reflect  .     (no gloves)
MR     .....     Harm     .     (no boots)
Stlth  ++........               (no amulet)
                                (no ring)
                                (no ring)

@: no status effects
A: no food or potions, fire vulnerability, cold resistance 1, negative energy
resistance 3, torment resistance, unbreathing
a: no special abilities


You were in a sewer.
You were not hungry.

You visited 1 branch of the dungeon, and saw 4 of its levels.
You also visited: Sewer.

You collected 80 gold pieces.

Inventory:

Hand Weapons
 f - a +2 short sword of draining
Missiles
 b - 22 stones (in hand)
Armour
 c - a +0 robe (worn)
Jewellery
 e - an uncursed amulet of regeneration {unknown}
Wands
 g - a wand of teleportation (4/9)
Scrolls
 a - a scroll of remove curse {unknown}
 h - a scroll of fear {unknown}
 i - a scroll of random uselessness {unknown}
Books
 d - a book of Geomancy

   Spells                             Type                      Level
   a - Sandblast                      Earth                        1
   b - Passwall                       Transmutation/Earth          2
   c - Stone Arrow                    Conjuration/Earth            3
   d - Petrify                        Transmutation/Earth          4
   e - Lee's Rapid Deconstruction     Earth                        5


   Skills:
 - Level 1.5 Dodging
 - Level 1.5 Stealth
 + Level 3.3 Spellcasting
 - Level 0.7 Transmutations
 * Level 4.0 Earth Magic


You had 7 spell levels left.
You knew the following spells:

 Your Spells              Type           Power        Failure   Level  Hunger
v - Passwall              Tmut/Erth      #.........   12%         2    N/A
z - Sandblast             Erth           ##....       4%          1    N/A

Dungeon Overview and Level Annotations

Branches:
Dungeon (4/15)
 Temple: D:4-7

Altars:

Annotations:
Sewer Purgy


Innate Abilities, Weirdness & Mutations

You do not eat or drink.
Your flesh is vulnerable to fire.
You are immune to poison.
Your flesh is cold resistant. (rC+)
You are immune to negative energy. (rN+++)
You are immune to unholy pain and torment.
You can survive without breathing.


Message History

* * * LOW HITPOINT WARNING * * *
Purgy claws you.
* * * LOW HITPOINT WARNING * * *
Unknown command.
Casting: Sandblast
Confirm with . or Enter, or press ? or * to list all spells.
Aiming: Sandblast
Press: ? - help, Shift-Dir - straight line, f/p - Purgy
Aim: Purgy (severely wounded)
The rocky blast misses Purgy.
Purgy bites you.
* * * LOW HITPOINT WARNING * * *
Purgy misses you. Purgy barely misses you.
Unknown command.
Casting: Sandblast
Confirm with . or Enter, or press ? or * to list all spells.
Aiming: Sandblast
Press: ? - help, Shift-Dir - straight line, f/p - Purgy
Aim: Purgy (heavily wounded)
The rocky blast misses Purgy.
Purgy barely misses you. Purgy claws you.
You die...

####.≈≈≈.####
#..'..∩....∩#
####.≈≈≈.####
####.≈≈≈.####
#..'.≈≈≈)'†[#
####.≈≈≈.####
####.≈≈≈.####
#!.'.≈≈≈.T..#
####.≈≈≈@####
####.≈≈≈.####
#..'.≈≈≈.'..#
#############
#≈≈≈# #≈≈≈#
#≈≈≈# #≈≈≈#
#≈≈≈#


You could see Purgy.

Vanquished Creatures
  A big kobold (Sewer)
  A worker ant (D:4)
  A hound skeleton (D:4)
  2 adders
  A leopard gecko (D:2)
  A giant cockroach (D:1)
  A goblin (D:1)
  A quokka (D:4)
  2 bats (Sewer)
  2 frilled lizards
  3 kobolds (D:1)
  3 rats (D:1)
19 creatures vanquished.

Notes
Turn   | Place    | Note
-------+----------+-------------------------------------------
     0 | D:1      | Amnesiac the Mummy Earth Elementalist began the quest for the Orb.
     0 | D:1      | Reached XP level 1. HP: 13/13 MP: 3/3
   471 | D:1      | Reached XP level 2. HP: 19/19 MP: 3/5
   522 | D:1      | Learned a level 2 spell: Passwall
   879 | D:4      | Reached skill level 3 in Earth Magic
   879 | D:4      | Reached XP level 3. HP: 3/24 MP: 0/7
  1017 | D:4      | Found a glowing drain.
  1135 | Sewer    | Entered a sewer
  1199 | Sewer    | Reached XP level 4. HP: 30/30 MP: 4/8
  1295 | Sewer    | Noticed Purgy
  1300 | Sewer    | Noticed a big kobold
  1322 | Sewer    | Killed a big kobold
  1322 | Sewer    | Reached skill level 4 in Earth Magic
  1322 | Sewer    | Reached XP level 5. HP: 16/35 MP: 1/10
  1513 | Sewer    | Slain by Purgy

Vault maps used:
D:1:      mrwooster_arrival_statue_3
D:2:      lemuel_blue_sif_altar, uniq_crazy_yiuf_cottage
D:3:      nicolae_overflow_hidden_temple, gammafunk_temple_overflow_forgotten,
          ecumenical_altar_2, uniq_robin, uniq_iyjb
D:4:      kennysheep_big_flooded_room, first_bread, portal_sewer_entry_d
Sewer:    kennysheep_door_sewer

Skill      XL: |  1  2  3  4 |
---------------+-------------+-----
Earth Magic    | 3 4 |  4.0
Spellcasting   | 3 |  3.3
Dodging        | |  1.5
Stealth        | |  1.5
Transmutations | |  0.7

Action                   |  1- 3 |  4- 6 || total
-------------------------+-------+-------++-------
Melee: Short sword       |     5 |       ||     5
 Cast: Sandblast         |    28 |    19 ||    47
Armor: Robe              |     2 |     8 ||    10
Dodge: Dodged            |    17 |     8 ||    25
